 Dungeon Crawl Stone Soup version 0.28.0-43-g3370ac3207 (webtiles) character file.

Game seed: 4641631145151677396

261 RascalDebosk the Gusty (level 6, -3/32 HPs)
             Began as a Tengu Air Elementalist on Mar 11, 2022.
             Killed from afar by Duvessa (9 damage)
             ... with a puff of flame
             ... on level 4 of the Dungeon on Mar 12, 2022.
             The game lasted 00:50:09 (5973 turns).

RascalDebosk the Gusty (Tengu Air Elementalist)     Turns: 5973, Time: 00:50:10

Health: -3/32      AC:  2    Str:  9    XL:     6   Next: 18%
Magic:  11/11      EV: 15    Int: 17    God:
Gold:   135        SH:  0    Dex: 14    Spells: 5/11 levels left

rFire   . . .      SeeInvis .   g - +1 short sword (venom)
rCold   . . .      Faith    .   (no shield)
rNeg    . . .      Spirit   .   a - +0 robe
rPois   .          Reflect  .   (helmet restricted)
rElec   .          Harm     .   (no cloak)
rCorr   .          Rampage  .   (no gloves)
Will    .....                   (boots unavailable)
Stlth   ++........              (no amulet)
HPRegen 0.10/turn               (no ring)
MPRegen 0.12/turn               (no ring)

@: flying quickly and evasively, quick
A: beak, talons 3, nimble flight
a: no special abilities


You were on level 4 of the Dungeon.
You visited 1 branch of the dungeon, and saw 4 of its levels.

You collected 135 gold pieces.

Inventory:

Hand Weapons
 g - a +1 short sword of venom (weapon)
Missiles
 e - 81 stones
Armour
 a - a +0 robe (worn)
Scrolls
 c - a scroll of fog
Potions
 b - a potion of lignification {unknown}
 f - a potion of attraction


   Skills:
 + Level 3.5 Dodging
 + Level 3.4 Stealth
 + Level 3.1 Spellcasting
 + Level 3.7 Conjurations
 + Level 5.3 Air Magic


You had 5 spell levels left.
You knew the following spells:

 Your Spells              Type           Power      Damage    Failure   Level
a - Shock                 Conj/Air       72%        1d7       2%          1
b - Static Discharge      Conj/Air       18%        N/A       4%          2
c - Swiftness             Air            20%        N/A       6%          3

Your spell library contained the following spells:

 Spells                   Type           Power      Damage    Failure   Level
 Airstrike                Air            10%        N/A       19%         4


Dungeon Overview and Level Annotations

Branches:
Dungeon (4/15)
 Temple: D:4-7

Altars:
Hepliaklqana
Wu Jian

Annotations:
D:4 Dowan, Duvessa


Innate Abilities, Weirdness & Mutations

You have a beak for a mouth.
You have claws for feet.
Your magical nature lets you fly swiftly and evasively.


Message History

Magic restored.
Things that are here:
a +0 short sword; a kobold corpse You start resting.
An endoplasm is nearby!
You start resting.
Duvessa is nearby!
Duvessa shouts!
Casting: Shock (safe; 2% risk of failure)
Confirm with . or Enter, or press ? or * to list all spells.
You feel quick.
Duvessa says, "My weaknesses are his strengths!"
There is an open door here.
You start to feel a little slower.
You start resting.
You feel sluggish.
You start resting.
Magic restored.
You start resting.
Duvessa is nearby!
Duvessa is nearby!
You start to feel a little faster.
Duvessa zaps a wand.
The puff of flame hits you.
Aiming: Shock (safe; 2% risk of failure)
Press: ? - help, Q - select action, (/) - cycle Shift-Dir - straight line, f - Duvessa
Aim: Duvessa, wielding a +1 short sword of speed, wearing a +0 ring mail, wearing a ring of positive energy and carrying a wand of flame (17) (79% to hit)
The zap hits Duvessa.
Duvessa is lightly wounded.
Duvessa zaps a wand.
The puff of flame hits you.
You no longer feel sluggish.
Duvessa says, "Where magic fails, the sword succeeds!"
Dowan shouts!
Duvessa says, "Where magic fails, the sword succeeds!"
Dowan gestures wildly while chanting.
Dowan blinks!
Duvessa yells, "You can run, but you cannot escape us forever!"
Duvessa zaps a wand.
The puff of flame hits you!
* * * LOW HITPOINT WARNING * * *
Duvessa zaps a wand.
The puff of flame hits you!
You die...

######.###.# #.#
#.# . ... #.# ..
##(#.#.# ..#
#.#.#.# ### #.#
#.# #.#########
#.#.##......#
#...e....@<.#
.....#.##......#
##.#.#.##......#
.... #.#########
####.###.#
#........#
#.......## .
#.......#
..#.......#


You could see Duvessa.

Vanquished Creatures
  2 scorpions
  An iguana (D:3)
  6 adders
  A worm (D:2)
  A dart slug (D:1)
  An orc (D:3)
  12 ball pythons
  4 endoplasms (D:2)
  3 giant cockroaches (D:1)
  4 goblins
  6 hobgoblins
  A quokka (D:2)
  7 bats
  A frilled lizard (D:1)
  8 kobolds
  2 rats
60 creatures vanquished.

Vanquished Creatures (others)
  10 plants (D:1)
10 creatures vanquished.

Grand Total: 70 creatures vanquished

Notes
Turn   | Place    | Note
-------+----------+-------------------------------------------
     0 | D:1      | RascalDebosk the Tengu Air Elementalist began the quest for
                  | the Orb.
     0 | D:1      | Reached XP level 1. HP: 10/10 MP: 4/4
   234 | D:1      | Reached XP level 2. HP: 8/15 MP: 0/6
   518 | D:1      | Learned a level 2 spell: Static Discharge
   712 | D:1      | Reached XP level 3. HP: 19/19 MP: 3/7
  1272 | D:2      | Found a hazy altar of Hepliaklqana.
  3228 | D:2      | Found a faded altar of an unknown god.
  3263 | D:2      | Learned a level 3 spell: Swiftness
  3578 | D:3      | Found a hazy altar of Hepliaklqana.
  3585 | D:3      | Reached XP level 4. HP: 24/24 MP: 3/8
  4082 | D:3      | Gained mutation: Your magical nature lets you fly swiftly
                  | and evasively. [Tengu growth]
  4082 | D:3      | Reached XP level 5. HP: 15/28 MP: 1/10
  4890 | D:3      | Found an ornate altar of the Wu Jian Council.
  5114 | D:4      | Noticed a phantom
  5125 | D:3      | Reached skill level 5 in Air Magic
  5291 | D:4      | Noticed Duvessa
  5291 | D:4      | Noticed Dowan
  5720 | D:4      | Reached XP level 6. HP: 10/32 MP: 2/11
  5973 | D:4      | Killed from afar by Duvessa

Illustrated notes

Levels and vault maps discovered:
D:1:      heliophobic_arrival_henge, layout_rooms, serial_bayou,
          serial_bayou_ford_a, serial_bayou_pond_e, serial_bayou_pond_b,
          serial_bayou_pond_c, minmay_cut_off
D:2:      layout_basic, basic_altar,
          dreamdust_ecumenical_altar_angels_and_demons, st_stairs_3,
          lemuel_another_geyser
D:3:      kennysheep_big_flooded_room, layout_basic,
          nicolae_wu_jian_immortal_techniques,
          mainiacjoe_overflow_concentric_impassable, columned_hall_lemuel
D:4:      layout_basic, lemuel_blue_sif_altar, minmay_temple_entry_arrows,
          uniq_duvessa

Skill      XL: |  1  2  3  4  5 |
---------------+----------------+-----
Conjurations   | 2 3 |  3.7
Dodging        | 3 |  3.5
Stealth        | 3 |  3.4
Air Magic      | 5 |  5.3
Spellcasting   | 3 |  3.1

Action                   |  1- 3 |  4- 6 || total
-------------------------+-------+-------++-------
Melee: Unarmed           |     2 |       ||     2
       Dagger            |    21 |       ||    21
       Kick              |     5 |     3 ||     8
       Peck              |     5 |     1 ||     6
       Short sword       |     2 |     9 ||    11
 Cast: Shock             |    64 |    43 ||   107
       Static Discharge  |     4 |     9 ||    13
       Swiftness         |       |     1 ||     1
  Use: Scroll            |       |     5 ||     5
Armor: Robe              |     7 |     3 ||    10
Dodge: Dodged            |    19 |    24 ||    43
